 Dungeon Crawl Stone Soup version 0.31-a0-1-g4198be8af4 (webtiles) character file.

Game seed: 9687520189061100353

53372 qeuew the Tortoise (level 14, -2/100 HPs)
             Began as a Gargoyle Fighter on May 1, 2023.
             Was the Champion of Trog.
             Slain by a tarantella (10 damage)
             ... on level 1 of the Spider Nest.
             The game lasted 00:23:56 (14846 turns).

qeuew the Tortoise (Gargoyle Fighter)              Turns: 14846, Time: 00:23:57

Health: -2/100     AC: 28    Str: 26    XL:     14   Next: 68%
Magic:  14/14      EV:  9    Int: 10    God:    Trog [******]
Gold:   396        SH: 10    Dex: 20    Spells: 13/13 levels left

rFire   . . .        a - +1 flail
rCold   + . .        m - +2 buckler {reflect}
rNeg    + . .        D - +0 chain mail of the Leaf {Str+4 SInv}
rPois   ∞            (helmet restricted)
rElec   +            (no cloak)
rCorr   .            M - +0 pair of fencer's gloves {Riposte Dex+3}
SInv    +            C - +1 pair of boots {Fly}
Will    +....        B - amulet of regeneration Stlth
                     g - +6 ring of dexterity
HPRegen 1.16/turn    l - +4 ring of slaying
MPRegen 0.14/turn

%: reflection
@: flying
A: sickness immunity, AC +10, big wings, negative energy resistance 1,
electricity resistance, torment resistance 1, petrification resistance, horns 1,
cold resistance 1, robust 1, sturdy frame 1
a: Renounce Religion, Berserk, Trog's Hand, Brothers in Arms


You were on level 1 of the Spider Nest.
You worshipped Trog.
Trog was exalted by your worship.
You visited 3 branches of the dungeon, and saw 15 of its levels.
You also visited: Sewer and Bailey.

You collected 944 gold pieces.
You spent 548 gold pieces at shops.

Inventory:

Hand Weapons
 a - a +1 flail (weapon)
Armour
 m - a +2 buckler of reflection (worn)
 C - a +1 pair of boots of flying (worn)
 D - the +0 chain mail of the Leaf (worn) {Str+4 SInv}
   (You found it on level 8 of the Dungeon)

   Str:       It affects your strength (+4).
   SInv:      It lets you see invisible.
 M - the +0 pair of fencer's gloves (worn) {Riposte Dex+3}
   (You bought it in a shop on level 7 of the Dungeon)

   Riposte:   It allows the wearer to riposte with melee weapons, swiftly
   retaliating against missed or blocked melee attacks.
   Dex:       It affects your dexterity (+3).
Jewellery
 g - a +6 ring of dexterity (left hand)
 l - a +4 ring of slaying (right hand)
 B - an amulet of regeneration (around neck)
Wands
 k - a wand of roots (24)
 n - a wand of charming (27)
 r - a wand of light (10) (quivered)
 F - a wand of flame (7)
Scrolls
 b - 3 scrolls of magic mapping
 c - 2 scrolls of enchant armour
 o - 4 scrolls of fear
 p - 2 scrolls of enchant weapon
 q - 2 scrolls of fog
 v - 2 scrolls of teleportation
 w - 4 scrolls of identify
 y - a scroll of brand weapon
 A - a scroll of poison
Potions
 d - 6 potions of might
 e - 3 potions of flight
 f - 10 potions of ambrosia
 h - 4 potions of resistance
 i - 3 potions of berserk rage
 j - 7 potions of curing
 s - 2 potions of invisibility
 t - 6 potions of haste
 u - a potion of magic
 x - a potion of mutation
 z - a potion of heal wounds
 J - a potion of cancellation


   Skills:
 + Level 11.7 Fighting
 * Level 14.5 Maces & Flails
 * Level 16.0 Armour
 + Level 11.6 Shields
 + Level 4.7 Evocations


You had 13 spell levels left.
You didn't know any spells.
Your spell library contained the following spells:

 Spells                   Type           Power      Damage    Failure   Level
 Gell's Gravitas          Tloc           0%         N/A       96%         3
 Teleport Other           Tloc           0%         N/A       96%         3
 Dispersal                Tloc           0%         N/A       100%        6


Dungeon Overview and Level Annotations

Branches:
Dungeon (9/15)             Temple (0/1) D:6            Lair (5/5) D:8
 Shoals (0/4) Lair:3       Spider (1/4) Lair:2        Slime (0/5) Lair:4
    Orc (0/2) D:9           Sewer (visited)          Bailey (visited)

Altars:
Ashenzari
Dithmenos
Elyvilon
Nemelex Xobeh
Ru
Sif Muna
Trog
Uskayaw
Wu Jian
Jiyva

Shops:
D:7 ![


Innate Abilities, Weirdness & Mutations

You are immune to sickness and miasma.
Your stone body is resilient. (AC +10)
You are immune to poison.
Your large and strong wings let you fly.
You resist negative energy. (rN+)
You are resistant to electric shocks. (rElec)
You are resistant to unholy torment.
You are immune to petrification.
You have a pair of small horns on your head.
Your flesh is cold resistant. (rC+)
You are robust. (+10% HP)
Your movements are slightly less encumbered by armour. (ER -2)


Message History

The jumping spider bites you but does no damage.
The tarantella touches you.
You are more confused.
The jumping spider pounces on you!! The jumping spider barely misses you.
The tarantella touches you but does no damage.
The spark wasp stings you but does no damage.
The jumping spider barely misses you.
The jumping spider bites you but does no damage.
The moth of wrath bites you but does no damage.
The tarantella barely misses you.
Unknown command.
You feel better.
You block the jumping spider's attack. x2
The tarantella touches you but does no damage.
The spark wasp closely misses you.
The jumping spider leaps!
The tarantella barely misses you.
You riposte.
You barely miss the tarantella. The jumping spider pounces on you!
The jumping spider bites you but does no damage.
The moth of wrath bites you but does no damage.
The tarantella touches you but does no damage.
The spark wasp stings you.
* * * LOW HITPOINT WARNING * * *
The spark wasp shocks you. You resist.
* * * LOW HITPOINT WARNING * * *
The jumping spider pounces on you.
* * * LOW HITPOINT WARNING * * *
The jumping spider barely misses you.
Okay, then.
You feel much better. The jumping spider pounces on you.
The jumping spider bites you. You block the tarantella's attack.
The jumping spider barely misses you. The jumping spider bites you.
You block the moth of wrath's attack. The spark wasp stings you!!
* * * LOW HITPOINT WARNING * * *
The spark wasp shocks you. You resist.
* * * LOW HITPOINT WARNING * * *
You block the jumping spider's attack.
You riposte.
You miss the jumping spider. You headbutt the jumping spider.
The jumping spider is lightly wounded.
The jumping spider bites you but does no damage.
The tarantella touches you!
You die...

###............
..#............
#.............
#........>...
#............
#....○......
#.ssy.......
##.s@ss......
###..s.y.......
#.............#
#..###...#.^....#
##. ###...###...##
##..##.....####..#
#...#........# .##
#..........# .
##..........#


You could see a spark wasp, a moth of wrath, 3 jumping spiders, 2 tarantellas
and a redback.

Vanquished Creatures
  A fire dragon (Lair:5)
  6 hydras
  A boulder beetle (Lair:5)
  A two-headed ogre (D:7)
  5 death yaks
  A pharaoh ant (Spider:1)
  A fire crab (Lair:5)
  A skyshark (Lair:4)
  An orb spider (Lair:2)
  A lindwurm (Lair:4)
  An ugly thing (D:7)
  A wolf spider (Lair:5)
  A manticore (Lair:3)
  A moth of wrath (Spider:1)
  16 elephants
  9 black mambas
  Maurice (D:8)
  2 molten gargoyles (Lair:5)
  9 cane toads
  Maggie (D:6)
  A gargoyle (Bailey)
  4 kobold demonologists (D:9)
  17 komodo dragons
  2 rime drakes
  A queen bee (Lair:5)
  A troll (D:9)
  3 tarantellas (Spider:1)
  A hornet (Lair:3)
  3 polar bears
  3 meliai (Lair:5)
  A wind drake (Lair:3)
  Grinder (D:3)
  12 blink frogs
  5 dream sheep (Lair:4)
  Sigmund (D:6)
  18 yaks
  A vampire (Bailey)
  11 wyverns
  3 basilisks
  3 steam dragons
  2 redbacks (Spider:1)
  An acid dragon (D:8)
  3 hell hounds (Lair:5)
  An ice beast (D:6)
  The ghost of BlasphemerAmon the Grasshopper, an amateur FeWr (D:6)
  16 water moccasins
  2 orc warriors
  Pargi (Sewer)
  2 black bears
  40 wolves
  2 centaurs
  A phantom (D:7)
  4 kobold brigands
  12 bullfrogs
  5 scorpions
  9 wights (D:6)
  32 killer bees
  7 vampire bats (Bailey)
  5 howler monkeys
  An electric eel (Lair:5)
  7 wolf zombies (Bailey)
  7 lava snakes
  3 jellies
  2 orc priests
  4 hounds
  2 sleepcaps (D:6)
  5 hell rats (Lair:3)
  2 iguanas
  10 orc wizards
  Robin (D:3)
  5 adders
  A white imp (D:6)
  4 worms
  A dart slug (D:4)
  37 orcs
  3 endoplasms
  13 goblins
  8 hobgoblins
  7 jackals
  2 quokkas
  11 ball pythons
  5 bats
  4 frilled lizards
  20 kobolds
  22 orc zombies (Bailey)
  8 rats
494 creatures vanquished.

Vanquished Creatures (others)
  3 orcs (D:8)
  17 fungi
  18 plants
38 creatures vanquished.

Grand Total: 532 creatures vanquished

Notes
Turn   | Place    | Note
-------+----------+-------------------------------------------
     0 | D:1      | qeuew the Gargoyle Fighter began the quest for the Orb.
     0 | D:1      | Reached XP level 1. HP: 14/14 MP: 1/1
   338 | D:1      | Reached XP level 2. HP: 19/19 MP: 2/2
  1302 | D:2      | Reached XP level 3. HP: 23/23 MP: 3/3
  1554 | D:2      | Found a faded altar of an unknown god.
  1576 | D:2      | Found a bloodstained altar of Trog.
  1628 | D:2      | Became a worshipper of Trog the Wrathful
  1730 | D:2      | Gained mutation: You are robust. (+10% HP) [potion of
                  | mutation]
  1730 | D:2      | Gained mutation: Your movements are slightly less
                  | encumbered by armour. (ER -2) [potion of mutation]
  1730 | D:2      | Gained mutation: You have a pair of small horns on your
                  | head. [potion of mutation]
  1730 | D:2      | Gained mutation: Your flesh is cold resistant. (rC+)
                  | [potion of mutation]
  1799 | D:3      | Reached skill level 4 in Armour
  1895 | D:3      | Found a broken altar of Ashenzari.
  1918 | D:3      | Reached XP level 4. HP: 30/31 MP: 4/4
  2083 | D:3      | Noticed Robin
  2085 | D:3      | Reached * piety under Trog
  2102 | D:3      | Killed Robin
  2103 | D:3      | Reached XP level 5. HP: 33/36 MP: 5/5
  2311 | D:3      | Noticed Grinder
  2326 | D:3      | Killed Grinder
  2327 | D:3      | Reached skill level 5 in Armour
  2327 | D:3      | Reached XP level 6. HP: 30/42 MP: 6/6
  2925 | D:4      | Found a white marble altar of Elyvilon.
  2936 | D:4      | Reached ** piety under Trog
  2960 | D:4      | Reached XP level 7. HP: 42/48 MP: 7/7
  3109 | D:5      | Entered Level 5 of the Dungeon
  3193 | D:5      | Found an ornate altar of the Wu Jian Council.
  3251 | D:5      | Found a shimmering blue altar of Sif Muna.
  3254 | D:5      | Reached skill level 5 in Maces & Flails
  3257 | D:5      | Reached skill level 6 in Armour
  3284 | D:5      | Found a glowing drain.
  3301 | Sewer    | Entered a sewer
  3318 | Sewer    | Noticed Pargi
  3344 | Sewer    | Killed Pargi
  3345 | Sewer    | Reached skill level 5 in Fighting
  3554 | D:5      | Reached skill level 5 in Shields
  3554 | D:5      | Reached XP level 8. HP: 53/53 MP: 8/8
  4020 | D:6      | Noticed Sigmund
  4033 | D:6      | Killed Sigmund
  4080 | D:6      | Reached skill level 7 in Armour
  4082 | D:6      | Reached *** piety under Trog
  4142 | D:6      | Found a runed translucent gate.
  4143 | D:6      | Found a runed translucent gate.
  4145 | D:6      | Found a runed translucent gate.
  4146 | D:6      | Noticed BlasphemerAmon's ghost (amateur FeWr)
  4155 | D:6      | Identified the +6 plate armour of Crawling {+Inv rC+}
  4447 | D:6      | Reached XP level 9. HP: 59/60 MP: 9/9
  4477 | D:6      | Noticed Maggie
  4497 | D:6      | Killed Maggie
  4498 | D:6      | Reached skill level 8 in Armour
  4747 | D:6      | Found a staircase to the Ecumenical Temple.
  4819 | D:6      | Killed BlasphemerAmon's ghost
  5015 | D:7      | Found Eqoil's Armour Emporium.
  5073 | D:7      | Noticed a green ugly thing
  5074 | D:7      | Noticed a two-headed ogre
  5091 | D:7      | Killed a green ugly thing
  5092 | D:7      | Reached skill level 9 in Armour
  5099 | D:7      | Killed a two-headed ogre
  5100 | D:7      | Reached XP level 10. HP: 15/69 MP: 10/10
  5451 | D:7      | Found Lamalocw's Distillery.
  5489 | D:7      | Bought a potion of might for 48 gold pieces
  5489 | D:7      | Bought a potion of heal wounds for 60 gold pieces
  5536 | D:7      | Reached skill level 10 in Armour
  6308 | D:8      | Reached **** piety under Trog
  6322 | D:8      | Found a staircase to the Lair.
  6330 | D:8      | Identified the +0 chain mail of the Leaf {Str+4 SInv}
  6343 | D:8      | Noticed Maurice
  6357 | D:8      | Killed Maurice
  6898 | D:8      | Found a shadowy altar of Dithmenos.
  7002 | D:9      | Noticed a kobold demonologist
  7003 | D:9      | Noticed a kobold demonologist
  7003 | D:9      | Noticed a kobold demonologist
  7005 | D:9      | Noticed a kobold demonologist
  7011 | D:9      | Killed a kobold demonologist
  7021 | D:9      | Killed a kobold demonologist
  7023 | D:9      | Killed a kobold demonologist
  7032 | D:9      | Killed a kobold demonologist
  7033 | D:9      | Reached XP level 11. HP: 66/74 MP: 11/11
  7034 | D:9      | Reached skill level 11 in Armour
  7058 | D:9      | Found a flagged portal.
  7069 | Bailey   | Entered a bailey
  7258 | Bailey   | Reached skill level 10 in Maces & Flails
  7449 | Bailey   | Identified the +9 dire flail of Awkwardness {holy, rF+
                  | Str+4}
  7696 | D:9      | Found a sparkling altar of Nemelex Xobeh.
  7958 | D:9      | Reached ***** piety under Trog
  7967 | D:9      | Found a staircase to the Orcish Mines.
  8384 | D:9      | Found a hide-covered altar of Uskayaw.
  8458 | Lair:1   | Entered Level 1 of the Lair of Beasts
  8671 | Lair:1   | Received a gift from Trog
  8678 | Lair:1   | Reached skill level 12 in Armour
  9055 | Lair:1   | Reached XP level 12. HP: 83/83 MP: 12/12
  9506 | Lair:2   | Noticed a six-headed hydra
  9522 | Lair:2   | Killed a six-headed hydra
 10068 | Lair:2   | Reached skill level 13 in Armour
 10175 | Lair:2   | Found a hole to the Spider Nest.
 10646 | D:7      | Bought the +0 pair of fencer's gloves {Riposte Dex+3} for
                  | 440 gold pieces
 10646 | D:7      | Found the +0 pair of fencer's gloves {Riposte Dex+3}
 10808 | Lair:3   | Noticed a death yak
 10813 | Lair:3   | Noticed a death yak
 10814 | Lair:3   | Noticed a death yak
 10834 | Lair:2   | Killed a death yak
 10884 | Lair:3   | Noticed a death yak
 10965 | Lair:3   | Noticed an eight-headed hydra
 10965 | Lair:3   | Found a staircase to the Shoals.
 10970 | Lair:2   | Killed an eight-headed hydra
 11184 | Lair:3   | Noticed a death yak
 11202 | Lair:3   | Killed a death yak
 11209 | Lair:3   | Killed a death yak
 11210 | Lair:3   | Reached skill level 10 in Fighting
 11212 | Lair:3   | Killed a death yak
 11213 | Lair:3   | Reached skill level 10 in Shields
 11215 | Lair:3   | Killed a death yak
 11517 | Lair:3   | Reached XP level 13. HP: 90/90 MP: 13/13
 11732 | Lair:4   | Reached skill level 14 in Armour
 11771 | Lair:4   | Reached skill level 1 in Evocations
 12115 | Lair:4   | Found a viscous altar of Jiyva.
 12115 | Lair:4   | Found a staircase to the Slime Pits.
 12835 | Lair:5   | Entered Level 5 of the Lair of Beasts
 13055 | Lair:5   | Reached skill level 15 in Armour
 13184 | Lair:5   | Gained mutation: Your large and strong wings let you fly.
                  | [Gargoyle growth]
 13184 | Lair:5   | Reached XP level 14. HP: 99/99 MP: 14/14
 13335 | Lair:5   | Found a sacrificial altar of Ru.
 13615 | Lair:5   | Found a large runed translucent door.
 13615 | Lair:5   | Found a large runed translucent door.
 14226 | Lair:5   | Reached ****** piety under Trog
 14704 | Spider:1 | Entered Level 1 of the Spider Nest
 14791 | Spider:1 | Reached skill level 16 in Armour
 14794 | Spider:1 | Identified the +1 scale mail of the Nexus {rElec rF- Str+2}
 14846 | Spider:1 | Slain by a tarantella

Illustrated notes

Levels and vault maps discovered:
D:1:      onia_arrival_mini_maze_b, layout_basic, supply_closet_lemuel,
          roderic_st_hans_cross
D:2:      layout_loops_cross, basic_altar, ebering_ecumenical_altar_abandoned
D:3:      layout_loops_ring, mainiacjoe_overflow_concentric_impassable,
          uniq_robin, uniq_grinder
D:4:      layout_rooms, elyvilon_altar_1, kennysheep_generic_room_11
D:5:      layout_basic, kennysheep_mini_moat, nicolae_overflow_hidden_temple,
          cheibrodos_sewer_entry_drain
D:6:      layout_loops_ring, temple_hall, biasface_ghost_orc_armoury,
          uniq_maggie, uniq_sigmund
D:7:      kennysheep_big_flooded_room, layout_loops_cross, serial_shops, shop,
          nicolae_inconvenience_store
D:8:      layout_basic, marbit_many_paths, dpeg_oklobed_lair, uniq_maurice
D:9:      layout_basic, lemuel_coloured_pillars_altar,
          mainiacjoe_overflow_tiny_flanked, orc_0_dummy, enter_bailey_1
Lair:1:   beast_lair_carwin_large_4, layout_chaotic_city,
          chequers_serial_rivers_room_b
Lair:2:   layout_cave_pods, nicolae_spider_entry_orb_guardian,
          serial_bayou_shore_a
Lair:3:   layout_roguey, minmay_shoals_entry_beasts, lemuel_fruit_tree,
          lemuel_fruit_fields, grunt_megastairs_3, serial_bayou_shore_b
Lair:4:   layout_cave_pods, dpeg_slime_entry_enclosed, serial_bayou_pond_e,
          grunt_megastairs_4
Lair:5:   cheibrodos_lair_end_hotspot, layout_gridlike, special_room
          [special_room_bee], basic_altar, nicolae_lair_run_with_the_wolves
Spider:1: layout_chambers, guppyfry_hornet_nest

Skill      XL: |  1  2  3  4  5  6  7  8  9 10 11 12 13 14 |
---------------+-------------------------------------------+-----
Armour         | 4 5 6 7 9 10 12 13 15 16 | 16.0
Maces & Flails | 3 4 5 6 8 9 11 12 13 14 | 14.5
Fighting       | 4 5 7 8 9 10 11 | 11.7
Shields        | 4 5 7 8 9 10 11 | 11.6
Evocations     | 3 4 |  4.7

Action                     |  1- 3 |  4- 6 |  7- 9 | 10-12 | 13-15 || total
---------------------------+-------+-------+-------+-------+-------++-------
  Melee: Flail             |   122 |   109 |   259 |   621 |   572 ||  1683
         Headbutt          |     2 |    18 |    49 |   163 |   243 ||   475
 Invoke: Berserk           |       |       |     4 |     7 |     5 ||    16
         Trog's Hand       |       |       |     2 |     2 |     1 ||     5
    Use: Potion            |     9 |       |     2 |       |     2 ||    13
         Scroll            |     8 |     2 |     5 |     2 |     5 ||    22
   Stab: Distracted        |       |     1 |       |       |       ||     1
 Armour: Scale mail        |    67 |    57 |    56 |       |       ||   180
         Troll leather arm |       |       |    35 |       |       ||    35
         Plate armour      |       |       |     7 |    48 |       ||    55
         Chain mail        |       |       |       |   399 |   447 ||   846
  Dodge: Dodged            |    59 |    58 |   110 |   308 |   264 ||   799
  Block: Buckler           |    32 |    25 |    79 |   326 |   319 ||   781
         Reflection        |       |       |       |     1 |       ||     1
Riposte: Flail             |       |       |       |    27 |   156 ||   183

Table legend: (Time is in decaauts)
 A = Elapsed time spent in this place.
 B = Non-inter-level travel time spent in this place.
 C = Inter-level travel time spent in this place.
 D = Time resting spent in this place.
 E = Time spent auto-exploring this place.
 F = Levels seen in this place.
 G = Mean time per level.
                   A        B        C        D        E       F      G
               +--------+--------+--------+--------+--------+-----+--------+
         Total |  14862 |  13920 |    942 |    110 |  10860 |  17 |  874.2 |
       Dungeon |   8061 |   7424 |    637 |     22 |   6015 |   9 |  895.7 |
          Lair |   5920 |   5617 |    303 |     88 |   4321 |   5 | 1184.0 |
   Spider Nest |    133 |    133 |      0 |      0 |     88 |   1 |  133.0 |
         Sewer |    192 |    192 |      0 |      0 |     90 |   1 |  192.0 |
        Bailey |    555 |    555 |      0 |      0 |    344 |   1 |  555.0 |
               +--------+--------+--------+--------+--------+-----+--------+

Top non-repeatable levels by time:
  Lair:5: 1712 daAuts
  Lair:2: 1356 daAuts
     D:7: 1262 daAuts
  Lair:4: 1110 daAuts
     D:1: 1069 daAuts
     D:8: 1008 daAuts
  Lair:1: 978 daAuts
     D:6: 949 daAuts
     D:9: 923 daAuts
     D:3: 877 daAuts
  Lair:3: 762 daAuts
     D:2: 743 daAuts
     D:5: 728 daAuts
  Bailey: 555 daAuts
     D:4: 498 daAuts
